 Dungeon Crawl Stone Soup version 0.31.0 (webtiles) character file.

Game seed: 16064857262276565280

6318 PixelatedCat the Grappler (level 10, 0/70 HPs)
             Began as a Demigod Shapeshifter on Jan 19, 2024.
             Slain by a troll (8 damage)
             ... on level 8 of the Dungeon.
             The game lasted 00:12:12 (7486 turns).

PixelatedCat the Grappler (Demigod Shapeshifter)    Turns: 7486, Time: 00:12:12

Health: 0/70       AC: 10    Str: 27    XL:     10   Next: 37%
Magic:  13/13      EV: 10    Int: 12    God:
Gold:   630        SH:  0    Dex: 13    Spells: 9/9 levels left

rFire   . .          .
                       - Unarmed
rCold   . . .        (no shield)
rNeg    . . .        e - +3 scale mail
rPois   .            (no helmet)
rElec   .            G - +0 cloak
rCorr   .            (no gloves)
SInv    .            (no boots)
Will    +....        f - amulet of regeneration Stlth
                     (no ring)
HPRegen 1.11/turn    (no ring)
MPRegen 0.13/turn

%: no passive effects
@: no status effects
A: high MP 1, forlorn, divine attributes
a: no special abilities


You were on level 8 of the Dungeon.
You visited 1 branch of the dungeon, and saw 8 of its levels.
You also visited: Ossuary.

You collected 630 gold pieces.

Inventory:

Missiles
 n - 12 poisoned darts (quivered)
 o - a curare-tipped dart
 p - 6 atropa-tipped darts
 D - 4 boomerangs
Armour
 a - a +0 animal skin
 e - a +3 scale mail (worn)
 i - a +0 plate armour
 E - a +0 troll leather armour
 G - a +0 cloak (worn)
Jewellery
 f - an amulet of regeneration (around neck)
 m - a ring of ice
 x - a ring of ice
Talismans
 c - a beast talisman
 d - a flux talisman
 C - a serpent talisman
Wands
 t - a wand of light (9)
 H - a wand of roots (13)
Scrolls
 j - a scroll of revelation {unknown}
 k - a scroll of vulnerability
 r - 2 scrolls of identify
 w - a scroll of teleportation
 y - a scroll of enchant weapon
 F - a scroll of amnesia
Potions
 b - 4 potions of lignification
 g - 2 potions of might
 h - a potion of cancellation {unknown}
 l - 3 potions of degeneration
 q - a potion of mutation {unknown}
 s - 2 potions of haste
 u - a potion of magic
 v - 2 potions of curing
 z - 2 potions of brilliance
 A - a potion of ambrosia
 B - a potion of berserk rage {unknown}


   Skills:
 - Level 0.8 Fighting
 - Level 3.0 Throwing
 - Level 1.7 Dodging
 + Level 12.2 Unarmed Combat
 + Level 8.1 Shapeshifting


You had 9 spell levels left.
You didn't know any spells.
Your spell library contained the following spells:

 Spells                   Type           Power      Damage    Failure   Level
 Freeze                   Ice            0%         1d3       61%         1
 Kiss of Death            Conj/Necr      0%         2d5       61%         1
 Shock                    Conj/Air       0%         1d3       61%         1
 Call Canine Familiar     Summ           0%         N/A       93%         3
 Confusing Touch          Hex            0%         N/A       93%         3
 Frozen Ramparts          Ice            0%         1d1       93%         3
 Hailstorm                Conj/Ice       0%         3d5       93%         3
 Sigil of Binding         Hex            0%         N/A       93%         3
 Swiftness                Air            0%         N/A       93%         3
 Airstrike                Air            0%         2d(0-16)  100%        4
 Dimensional Bullseye     Hex/Tloc       0%         N/A       100%        4
 Dispel Undead            Necr           0%         3d6       100%        4


Dungeon Overview and Level Annotations

Branches:
Dungeon (8/15)             Temple (0/1) D:5         Ossuary (visited)
   Lair: D:8-11

Shops:
D:6 *


Innate Abilities, Weirdness & Mutations

You have an increased reservoir of magic. (+10% MP)
You shall have no god before yourself.
Your divine heritage dramatically boosts your attributes as you level up.


Message History

An orc warrior comes into view. It is wielding a +0 short sword.
You hear a shout!
The orc warrior shouts!
You hear a shout!
An orc comes into view. It is wielding a +0 hand axe.
The orc shouts!
You hear a shout!
There are monsters nearby!
The orc throws a boomerang.
The boomerang closely misses you.
An orc wizard comes into view. It is wielding a +0 dagger.
An orc comes into view. It is wielding a +0 flail.
The orc shouts!
An orc comes into view. It is wielding a +1 dagger of draining.
You punch the orc warrior!
The orc warrior is moderately wounded.
You hit the orc warrior but do no damage.
The orc warrior is moderately wounded.
The orc warrior hits you with a +0 short sword.
You punch the orc warrior!
The orc warrior is almost dead.
The orc warrior hits you but does no damage.
You pummel the orc warrior!!
You kill the orc warrior!
You barely miss the orc. You hit the orc.
The orc is lightly wounded.
The orc completely misses you.
A jelly comes into view.
You completely miss the orc.
The orc is lightly wounded.
The orc hits you with a +0 hand axe.
You punch the orc!
You kill the orc!
An orc wizard comes into view. It is wielding a +0 dagger.
You hit the orc. Your punch misses the orc.
The orc is severely wounded.
An orc comes into view. It is wielding a +0 dagger.
The orc hits you with a +0 hand axe.
You hit the orc.
The orc is almost dead.
You hit the orc but do no damage.
The orc is almost dead.
The orc hits you but does no damage.
You pummel the orc!!
You kill the orc!
You pummel the jelly!!
You kill the jelly!
You hit the orc wizard. Your punch misses the orc wizard.
The orc wizard is lightly wounded.
The orc hits you with a +0 dagger.
The orc wizard hits you but does no damage.
You hit the orc wizard.
The orc wizard is heavily wounded.
You hit the orc wizard.
The orc wizard is severely wounded.
The orc hits you but does no damage.
You barely miss the orc. Your punch misses the orc. The orc barely misses you.
You punch the orc!
You kill the orc!
The orc hits you with a +0 dagger.
The orc wizard gestures wildly while chanting.
The orc wizard flickers and vanishes!
Deactivating autopickup; reactivate with Ctrl-A.
You punch the orc wizard!
The orc wizard is heavily wounded.
The orc wizard gestures at you while chanting.
You easily resist.
The orc barely misses you.
You punch the orc wizard!
You kill the orc wizard!
You hit the orc but do no damage. The orc hits you but does no damage.
You punch the orc!
You kill the orc!
The orc completely misses you.
A sky beast comes into view.
You barely miss the orc. You barely miss the orc.
You hear some strange, mumbled words.
You are confused.
The orc hits you with a +0 dagger.
You are too confused!
You are too confused!
You are too confused!
You closely miss the orc. The orc hits you with a +0 dagger.
Something hits you but does no damage.
You hit the orc.
The orc is heavily wounded.
The orc hits you with a +0 dagger.
You closely miss the orc.
The orc is heavily wounded.
The orc barely misses you.
You bump into the rock wall.
The orc completely misses you.
The sky beast flickers out of sight!
Something hits you but does no damage.
You're too confused to move!
The orc hits you but does no damage. Something hits you but does no damage.
You bump into the rock wall.
You feel less confused. The orc hits you but does no damage.
Something hits you but does no damage.
You hear some strange, mumbled words.
A puff of flame appears from out of thin air!
The puff of flame hits something.
You pummel the orc!!
You kill the orc!
Something hits you but does no damage.
You see here a +0 dagger.
You punch something! Something hits you but does no damage.
You punch something!
Reactivating autopickup.
You feel a bit more experienced.
You hear some strange, mumbled words.
Deactivating autopickup; reactivate with Ctrl-A.
You are confused.
Your Shapeshifting skill increases to level 8!
You bump into the rock wall.
You pummel something!!
Reactivating autopickup.
You feel a bit more experienced.
Things that are here:
a +0 dagger; a +0 robe; a sky beast corpse
D - 4 boomerangs (gained 2)
Items here: ( )))))) [[[[ †††.
You are too confused!
You are too confused!
You are too confused!
You are too confused!
You're too confused to move!
You feel less confused.
Items here: ( )))))) [[[[ †††.
Items here: ( )))))) [[[[ †††.
Items here: ( )))))) [[[[ †††.
Items here: ( )))))) [[[[ †††.
Items here: ( )))))) [[[[ †††.
Things that are here:
a +0 dagger; a +0 robe; a sky beast corpse You see here a +0 dagger.
An orc comes into view. It is wielding a +0 flail.
An orc is nearby!
An orc is nearby!
You barely miss the orc. The orc barely misses you.
An orc is nearby!
You punch the orc!
You kill the orc!
No target in view!
No target in view!
No target in view!
No target in view!
You now have 630 gold pieces (gained 15).
Things that are here:
a +0 flail; a +0 leather armour; an orc corpse
Found a stone staircase leading down.
No target in view!
A wight comes into view. It is wielding a +3 battleaxe.
No reachable target in view!
A wight is nearby!
No reachable target in view!
No reachable target in view!
A wight is nearby!
A wight is nearby!
Found a shimmering altar of Xom.
The orc shouts!
You hear a shout!
A yak comes into view.
The yak bellows!
A troll comes into view.
You closely miss the orc.
The troll shouts!
The orc closely misses you.
You closely miss the orc. You pummel the orc!!
You kill the orc!
You punch the yak!
The yak is moderately wounded.
You barely miss the yak.
The yak is moderately wounded.
The yak gores you!
You punch the yak!
The yak is heavily wounded.
The yak completely misses you.
You punch the yak!
The yak is almost dead.
The yak gores you!
You punch the yak!
You kill the yak!
You barely miss the troll. You punch the troll! Your punch misses the troll.
The troll is moderately wounded.
The troll bites you! The troll claws you but does no damage.
The troll claws you.
You closely miss the troll.
The troll is moderately wounded.
The troll bites you! The troll barely misses you. The troll claws you.
You punch the troll!
The troll is severely wounded.
The troll bites you!
* * * LOW HITPOINT WARNING * * *
The troll barely misses you. The troll claws you.
* * * LOW HITPOINT WARNING * * *
The troll attacks as it pursues you! The troll closely misses you.
The troll claws you!
* * * LOW HITPOINT WARNING * * *
The troll barely misses you.
You feel better. The troll closely misses you. The troll claws you.
* * * LOW HITPOINT WARNING * * *
The troll claws you!
You die...

.##.## #.# .##.#
####.#
.##.#######....##
.##.............#
.##########.###.#
.# #.# #.# .# #.#
#.# #.# #.### ..#
#.@.####### ###
###T#≈≈§≈§#
#z≈≈§§§≈≈
#.≈.~§°§§ #
#.≈..§§.≈ #
#)≈~~~.~≈ #
#.≈≈...≈≈ # ..≈.
...≈≈(≈§# # #.≈.
......### ### #


You could see a troll and a wight.

Vanquished Creatures
  2 two-headed ogres
  Pikel (D:4)
  Jeremiah (D:7)
  A troll (D:5)
  7 yaks (D:8)
  A steam dragon (D:7)
  Edmund (D:5)
  An acid dragon (D:7)
  2 water moccasins
  An orc warrior (D:8)
  Duvessa (D:7)
  3 sky beasts
  An ogre (D:5)
  2 centaurs
  2 lemures (D:4)
  A kobold brigand (D:3)
  3 bullfrogs
  7 scorpions
  3 wights (D:7)
  Dowan (D:7)
  3 killer bees (D:7)
  2 bombardier beetles
  5 hounds
  An orc priest (D:3)
  3 jellies
  2 sleepcaps (D:5)
  2 iguanas
  5 orc wizards
  8 mummies (Ossuary)
  10 adders
  4 gnolls (D:6)
  3 white imps
  A dart slug (D:2)
  3 ribbon worms (D:2)
  34 orcs
  4 endoplasms
  3 giant cockroaches
  4 goblins
  3 hobgoblins (D:2)
  5 kobolds
  3 quokkas
  2 ball pythons
  9 bats
  5 frilled lizards
  3 hobgoblin zombies (Ossuary)
  3 kobold zombies (Ossuary)
  2 orc zombies (Ossuary)
  2 rats (D:1)
176 creatures vanquished.

Vanquished Creatures (others)
  A two-headed ogre (D:8)
  An orc warrior (D:8)
  A killer bee (D:7)
3 creatures vanquished.

Grand Total: 179 creatures vanquished

Notes
Turn   | Place    | Note
-------+----------+-------------------------------------------
     0 | D:1      | PixelatedCat the Demigod Shapeshifter began the quest for
                  | the Orb.
     0 | D:1      | Reached XP level 1. HP: 15/15 MP: 3/3
   163 | D:1      | Reached skill level 3 in Unarmed Combat
   243 | D:1      | Reached XP level 2. HP: 19/22 MP: 4/4
   554 | D:2      | Reached XP level 3. HP: 25/27 MP: 5/5
   621 | D:2      | Reached skill level 4 in Unarmed Combat
  1016 | D:2      | Identified the +2 leather armour of Sif Muna's Regard {Harm
                  | rN+ MP+9}
  1165 | D:3      | Reached XP level 4. HP: 30/34 MP: 6/6
  1290 | D:3      | Reached skill level 5 in Unarmed Combat
  1400 | D:3      | Noticed a kobold brigand
  1407 | D:3      | Killed a kobold brigand
  1408 | D:3      | Reached XP level 5. HP: 39/39 MP: 7/7
  1475 | D:3      | Reached skill level 6 in Unarmed Combat
  2198 | D:4      | Noticed a water moccasin
  2209 | D:4      | Killed a water moccasin
  2210 | D:4      | Reached XP level 6. HP: 19/46 MP: 8/8
  2373 | D:4      | Reached skill level 7 in Unarmed Combat
  2571 | D:4      | Noticed Pikel
  2578 | D:5      | Entered Level 5 of the Dungeon
  2696 | D:5      | Noticed a troll
  2705 | D:5      | Killed a troll
  2706 | D:5      | Reached skill level 8 in Unarmed Combat
  2706 | D:5      | Reached XP level 7. HP: 41/51 MP: 9/9
  2961 | D:5      | Noticed Edmund
  2970 | D:5      | Killed Edmund
  3009 | D:5      | Found a sand-covered staircase.
  3018 | Ossuary  | Entered an ossuary
  3263 | D:5      | Reached skill level 9 in Unarmed Combat
  3300 | D:5      | Found a staircase to the Ecumenical Temple.
  3561 | D:5      | Reached XP level 8. HP: 30/58 MP: 10/10
  3733 | D:5      | You fall into a shaft and drop 2 floors!
  3775 | D:6      | Found Ryut's Assorted Antiques.
  4557 | D:4      | Killed Pikel
  4558 | D:4      | Reached skill level 10 in Unarmed Combat
  4913 | D:6      | Noticed a two-headed ogre
  4980 | D:6      | Reached skill level 5 in Shapeshifting
  5010 | D:6      | HP: 2/58 [two-headed ogre/+0 giant spiked club (10)]
  5015 | D:6      | Killed a two-headed ogre
  5016 | D:6      | Reached XP level 9. HP: 12/63 MP: 11/11
  5350 | D:6      | Reached skill level 1 in Throwing
  5350 | D:6      | Reached skill level 11 in Unarmed Combat
  5594 | D:7      | Noticed Duvessa
  5594 | D:7      | Noticed Dowan
  5605 | D:7      | Killed Duvessa
  5623 | D:7      | Killed Dowan
  5871 | D:7      | Noticed Jeremiah
  5947 | D:7      | Killed Jeremiah
  6813 | D:8      | Reached XP level 10. HP: 37/70 MP: 13/13
  6871 | D:8      | HP: 2/70 [yak (13)]
  7048 | D:8      | Noticed a two-headed ogre
  7048 | D:8      | Noticed a two-headed ogre
  7070 | D:7      | Killed a two-headed ogre
  7071 | D:7      | Reached skill level 12 in Unarmed Combat
  7322 | D:8      | Killed a two-headed ogre
  7485 | D:8      | HP: 2/70 [troll (9)]
  7486 | D:8      | Slain by a troll

Illustrated notes

Levels and vault maps discovered:
D:1:      amcnicky_arrival_underground_garden, layout_basic,
          nicolae_twisty_statue_hallways
D:2:      layout_loops_cross
D:3:      layout_loops_ring, grunt_ministairs_4, minmay_misc_feat_x
D:4:      layout_gridville, uniq_pikel
D:5:      layout_basic, minmay_temple_entry_trees,
          mainiacjoe_ossuary_entry_dusty_tomb, uniq_edmund
D:6:      layout_cave_pools, serial_shops, shop
D:7:      layout_basic, uniq_duvessa, uniq_jeremiah
D:8:      layout_loops_ring, xom_confusion_cloud, mainiacjoe_overflow_brackets

Skill      XL: |  1  2  3  4  5  6  7  8  9 10 |
---------------+-------------------------------+-----
Unarmed Combat | 3 4 5 6 8 9 10 11 12 | 12.2
Shapeshifting  | 3 5 7 8 |  8.1
Throwing       | 3 |  3.0
Fighting       | |  0.8
Dodging        | |  1.7

Action                     |  1- 3 |  4- 6 |  7- 9 | 10-12 || total
---------------------------+-------+-------+-------+-------++-------
  Melee: Unarmed           |   121 |   103 |   342 |    91 ||   657
         Punch             |     3 |     5 |    20 |     7 ||    35
  Throw: Dart              |       |     1 |    18 |     1 ||    20
    Use: Scroll            |       |     8 |    12 |       ||    20
         Potion            |       |       |     2 |     3 ||     5
 Armour: Scale mail        |    99 |    59 |    56 |    38 ||   252
         Troll leather arm |       |       |   164 |    18 ||   182
         Skin              |       |       |    18 |     9 ||    27
  Dodge: Dodged            |    65 |    41 |   204 |    30 ||   340
         Form:             |       |       |     1 |       ||     1
         Beast             |       |       |     1 |       ||     1
